 Dungeon Crawl Stone Soup version 0.31.0 (webtiles) character file.

Game seed: 3985030985168350902

545533 Kenran the Slayer (level 26, -5/184 HPs)
             Began as a Gargoyle Fighter on Jan 19, 2024.
             Was the Champion of Okawaru.
             Killed from afar by a black draconian knight (34 damage)
             ... with a shard of ice
             ... led by a purple draconian shifter
             ... on level 2 of the Realm of Zot.
             The game lasted 02:24:41 (57687 turns).

Kenran the Slayer (Gargoyle Fighter)               Turns: 57687, Time: 02:24:41

Health: -5/184     AC: 67    Str: 35    XL:     26   Next: 13%
Magic:  0/32       EV: 15    Int: 10    God:    Okawaru [******]
Gold:   3274       SH: 22    Dex: 13    Spells: 25/25 levels left

rFire   + + +        a - +9 eveningstar (freeze)
rCold   + . .        Z - +2 kite shield {AC+3}
rNeg    + . .        T - +4 gold dragon scales
rPois   ∞            V - +1 helmet of the Lizard {rPois Str+3}
rElec   +            C - +2 cloak {Will+}
rCorr   +            z - +2 pair of gloves {infuse}
SInv    .            n - +2 pair of boots {rampage}
Will    ++...        N - amulet "Neerop" {Reflect rF++ Regen+ SH+5} Stlth
                     B - ring of resist corrosion
HPRegen 1.30/turn    X - ring "Doybb" {EV+5 Str+5}
MPRegen 0.23/turn

%: reflection, rampage
@: finesse-ful, flying, hasted, very quick
A: sickness immunity, AC +20, big wings, negative energy resistance 1,
electricity resistance, torment resistance 1, petrification resistance, mutation
resistance 1, wild magic 1
}: 3/15 runes: serpentine, barnacled, silver
a: Renounce Religion, Heroism, Finesse, Duel


You were on level 2 of the Realm of Zot.
You worshipped Okawaru.
Okawaru was exalted by your worship.
You visited 10 branches of the dungeon, and saw 46 of its levels.
You visited the Abyss 2 times.
You visited 1 bazaar.
You also visited: Bailey and Ice Cave.

You collected 6374 gold pieces.
You spent 3100 gold pieces at shops.

Inventory:

Hand Weapons
 a - a +9 eveningstar of freezing (weapon)
 b - the +2 Maxwell's thermic engine {flame, freeze, rev}
   (You found it in an ice cave)
Missiles
 q - 16 curare-tipped darts (quivered)
 W - 3 throwing nets
Armour
 n - a +2 pair of boots of rampaging (worn)
 w - a +1 tower shield of cold resistance
 z - a +2 pair of gloves of infusion (worn)
 C - a +2 cloak of willpower (worn)
 T - +4 gold dragon scales (worn)
 V - the +1 helmet of the Lizard (worn) {rPois Str+3}
   (You found it on level 2 of the Depths)

   Str+3:     It affects your strength (+3).
   rPois:     It protects you from poison
 Z - a +2 kite shield of protection (worn)
Jewellery
 c - the ring "Ozefoxost" {AC+4 Str+6 Int-3 Slay+3}
   (You bought it in a shop on level 2 of the Orcish Mines)

   [ring of protection]

   AC+4:      It affects your AC (+4).
   Str+6:     It affects your strength (+6).
   Int-3:     It affects your intelligence (-3).
   Slay+3:    It affects your accuracy & damage with ranged weapons and melee
   (+3).
 B - a ring of resist corrosion (left hand)
 F - a ring of protection from cold
 N - the amulet "Neerop" (around neck) {Reflect rF++ Regen+ SH+5}
   (You found it on level 14 of the Dungeon)

   [amulet of reflection]

   Reflect:   It reflects blocked missile attacks.
   rF++:      It greatly protects you from fire.
   Regen+:    It increases your rate of health regeneration.
   SH+5:      It affects your SH (+5).
 X - the ring "Doybb" (right hand) {EV+5 Str+5}
   (You bought it in a shop on level 2 of the Shoals)

   [ring of evasion]

   EV+5:      It affects your evasion (+5).
   Str+5:     It affects your strength (+5).
Wands
 f - a wand of paralysis (72)
 y - a wand of acid (21)
 E - a wand of flame (22)
 G - a wand of mindburst (25)
 H - a wand of digging (13)
 L - a wand of roots (14)
 O - a wand of polymorph (29)
Scrolls
 e - 8 scrolls of immolation {!r}
 g - 6 scrolls of revelation
 r - 2 scrolls of torment {!r}
 s - 4 scrolls of vulnerability {!r}
 x - 22 scrolls of identify {@r1}
 A - 7 scrolls of teleportation
 I - 3 scrolls of fear
 M - 4 scrolls of poison
 Q - 2 scrolls of blinking
 U - 5 scrolls of fog
Potions
 d - 15 potions of curing {@q1}
 h - 2 potions of attraction {!q}
 i - 6 potions of might
 j - 5 potions of ambrosia
 k - 3 potions of enlightenment
 l - 4 potions of berserk rage {!q}
 m - 3 potions of cancellation
 o - 7 potions of magic
 p - 5 potions of haste
 t - 4 potions of invisibility
 u - 2 potions of heal wounds {@q2}
 v - 6 potions of lignification {!q}
 D - 2 potions of resistance
 J - 3 potions of mutation {!q}
 K - 7 potions of brilliance
Miscellaneous
 P - a lightning rod (4/4)
 R - a phial of floods
 Y - a tin of tremorstones (2/2)


   Skills:
 - Level 24.0 Fighting
 - Level 16.0 Long Blades
 - Level 14.0 Maces & Flails
 - Level 24.0 Armour
 - Level 6.0 Dodging
 - Level 20.0 Shields
 - Level 12.0 Invocations
 + Level 12.0 Evocations


You had 25 spell levels left.
You didn't know any spells.
Your spell library contained the following spells:

 Spells                   Type           Power      Damage    Failure   Level
 Apportation              Tloc           0%         N/A       96%         1
 Foxfire                  Conj/Fire      0%         2x1d4     96%         1
 Freeze                   Ice            0%         1d3       96%         1
 Kiss of Death            Conj/Necr      0%         2d5       96%         1
 Magic Dart               Conj           0%         1d3       96%         1
 Sandblast                Erth           0%         2d4       96%         1
 Sting                    Conj/Alch      0%         1d3       96%         1
 Blink                    Tloc           0%         N/A       99%         2
 Ensorcelled Hibernation  Hex/Ice        0%         N/A       99%         2
 Jinxbite                 Hex            0%         N/A       99%         2
 Lesser Beckoning         Tloc           0%         N/A       99%         2
 Mercury Vapours          Alch/Air       0%         N/A       99%         2
 Momentum Strike          Conj/Tloc      0%         3d8       99%         2
 Scorch                   Fire           0%         2d5       99%         2
 Searing Ray              Conj           0%         2d4       99%         2
 Confusing Touch          Hex            0%         N/A       100%        3
 Frozen Ramparts          Ice            0%         1d1       100%        3
 Fugue of the Fallen      Necr           0%         N/A       100%        3
 Gell's Gravitas          Tloc           0%         N/A       100%        3
 Hailstorm                Conj/Ice       0%         3d5       100%        3
 Inner Flame              Hex/Fire       0%         N/A       100%        3
 Mephitic Cloud           Conj/Alch/Air  0%         N/A       100%        3
 Ozocubu's Armour         Ice            0%         N/A       100%        3
 Passwall                 Erth           0%         N/A       100%        3
 Stone Arrow              Conj/Erth      0%         3d7       100%        3
 Teleport Other           Tloc           0%         N/A       100%        3
 Volatile Blastmotes      Fire/Tloc      0%         2d10      100%        3
 Anguish                  Hex/Necr       0%         N/A       100%        4
 Brom's Barrelling Bould  Conj/Erth      0%         2d3       100%        4
 Dimensional Bullseye     Hex/Tloc       0%         N/A       100%        4
 Dispel Undead            Necr           0%         3d6       100%        4
 Flame Wave               Conj/Fire      0%         2d4       100%        4
 Fulminant Prism          Conj/Alch      0%         3d5       100%        4
 Ignite Poison            Fire/Alch      0%         N/A       100%        4
 Manifold Assault         Tloc           0%         N/A       100%        4
 Passage of Golubria      Tloc           0%         N/A       100%        4
 Sticky Flame             Fire/Alch      0%         2d4       100%        4
 Vhi's Electric Charge    Tloc/Air       0%         N/A       100%        4
 Alistair's Intoxication  Alch           0%         N/A       100%        5
 Arcjolt                  Conj/Air       0%         1d10      100%        5
 Freezing Cloud           Conj/Ice/Air   0%         6-21      100%        5
 Lee's Rapid Deconstruct  Erth           0%         3d4*      100%        5
 Silence                  Hex/Air        0%         N/A       100%        5
 Bombard                  Conj/Erth      0%         9d1       100%        6
 Dispersal                Tloc           0%         N/A       100%        6
 Plasma Beam              Fire/Air       0%         2x1d10    100%        6
 Starburst                Conj/Fire      0%         6d3       100%        6
 Borgnjor's Revivificati  Necr           0%         N/A       100%        8
 Lehudib's Crystal Spear  Conj/Erth      0%         10d2      100%        8
 Maxwell's Capacitive Co  Air            0%         ∞         100%        8
 Call Imp                 Summ           Unusable   N/A       N/A         2
 Cigotuvi's Dreadful Rot  Necr/Alch/Air  Unusable   N/A       N/A         2
 Animate Armour           Summ/Erth      Unusable   N/A       N/A         4
 Animate Dead             Necr           Unusable   N/A       N/A         4
 Martyr's Knell           Necr/Summ      Unusable   N/A       N/A         4
 Summon Blazeheart Golem  Fire/Summ      Unusable   N/A       N/A         4
 Summon Lightning Spire   Summ/Air       Unusable   N/A       N/A         4
 Death Channel            Necr           Unusable   N/A       N/A         6
 Summon Cactus Giant      Summ           Unusable   N/A       N/A         6

Dungeon Overview and Level Annotations

Branches:
Dungeon (15/15)            Temple (0/1) D:6            Lair (5/5) D:8
 Shoals (4/4) Lair:2        Snake (4/4) Lair:3        Slime (4/5) Lair:4
    Orc (2/2) D:12            Elf (1/3) Orc:2        Vaults (5/5) D:13
  Crypt (0/3) Vaults:3     Depths (4/4) D:15            Zot (2/5) Depths:4
 Bailey (visited)           IceCv (visited)

Altars:
Cheibriados
Dithmenos
Elyvilon
Hepliaklqana
Kikubaaqudgha
Okawaru
Qazlal
Ru
Sif Muna
Trog
Vehumet
Xom
Yredelemnul
Zin
The Shining One
Jiyva

Shops:
D:1 [   D:12 [   Orc:1 :?   Orc:2 :=[[*   Elf:1 *=   Shoals:2 **[(   Snake:2 [
Snake:3 !(*!   Snake:4 **(   Vaults:4 (   Depths:4 (

Portals:
Hell: Depths:1 Depths:2 Depths:3 Depths:4
Abyss: Depths:3
Pandemonium: Depths:2
Ziggurat: Depths:2
Trove: D:13 (give 4 scrolls of blinking)

Annotations:
D:4 exclusion: downstairs
D:11 2 transporters, Fiw Sur's ghost, journeyman MiAK
D:14 exclusion: downstairs
Lair:5 2 transporters, Name63's ghost, journeyman GnCj
Shoals:2 Roxanne


Innate Abilities, Weirdness & Mutations

You are immune to sickness and miasma.
Your stone body is resilient. (AC +20)
You are immune to poison.
Your large and strong wings let you fly.
You resist negative energy. (rN+)
You are resistant to electric shocks. (rElec)
You are resistant to unholy torment.
You are immune to petrification.
You are somewhat resistant to further mutation.
Your spells are a little harder to cast, but a little more powerful.


Message History

The black draconian knight seems to slow down.
You freeze the black draconian knight.
The black draconian knight is heavily wounded.
The black draconian hits you from afar with a +0 glaive!
* * * LOW HITPOINT WARNING * * *
The black draconian knight barely misses you.
The black draconian knight blocks your attack.
The black draconian knight is heavily wounded.
The white draconian breathes frost at you.
The blast of cold hits you but does no damage.
The black draconian hits you but does no damage.
You sock the black draconian knight!
The black draconian knight seems to slow down.
You freeze the black draconian knight.
The black draconian knight is heavily wounded.
The black draconian knight blocks your attack.
The black draconian knight is heavily wounded.
The black draconian closely misses you. You block the white draconian's attack.
You block the black draconian knight's attack.
You hit the black draconian knight but do no damage.
The black draconian knight is heavily wounded.
You block the black draconian's attack.
You impale the black draconian knight!!
The black draconian knight seems to slow down.
You freeze the black draconian knight!
The black draconian knight is severely wounded.
The white draconian breathes frost at you.
The blast of cold hits you. You resist.
* * * LOW HITPOINT WARNING * * *
You crush the white draconian like a grape!!!
You freeze the white draconian.
You kill the white draconian!
Okawaru accepts your kill.
The black draconian hits you from afar with a +0 glaive!!
* * * LOW HITPOINT WARNING * * *
The black draconian knight blocks your attack.
The black draconian knight is severely wounded.
The black draconian knight gestures at you while chanting.
The shard of ice hits you!! You partially resist.
You die...

******* ####+##y##....##,*
******** ###.).#.#..#[...,*
,,,,,,,* ###...#<).######**
,,,,,,,* ###.^.#..#######
,,,,,,,* ####+##.########**
****+******####............,*
,,,,,,,,,,,........########,*
***,,,.##########†.########,*
****......)..)@qd.....###,*
*####.#.####)#####.###,*
*...,,>,.#** *,* *,*
###.**,,..,* *,* *,*
#.**,,...***,***,* ****
#.,,,,...+,*,,,,,* ,,,****
#.***,...#********
,,,,,,*****≣.* *,...#
,,,,,,,,**,*,* *,,,,*


You could see a black draconian knight (fast, slow) and a black draconian
(berserk).

Vanquished Creatures
  A dread lich (Vaults:4)
  Frederick (Depths:4)
  An ancient lich (Vaults:5)
  A juggernaut (Depths:2)
  Norris (Depths:3)
  7 golden dragons
  Jory (Depths:4)
  A bone dragon (Abyss:3)
  A Brimstone Fiend (Depths:4)
  9 tentacled monstrosities
  An Ice Fiend (Depths:4)
  A walking crystal tome (Depths:3)
  Jorgrun (D:15)
  4 titans
  The ghost of seandewar5 the Arsonist, an adept DrCj of Vehumet (Shoals:2)
  2 liches
  A walking frostbound tome (Depths:3)
  2 acid blobs
  2 krakens
  4 sphinxes
  3 quicksilver dragons (Vaults:5)
  A death cob (Zot:1)
  Frances (Shoals:2)
  4 tentacled starspawn
  7 storm dragons
  6 shadow dragons
  An Executioner (Abyss:3)
  Aizul (Vaults:1)
  7 tengu reavers
  Ilsuiw (Shoals:4)
  12 nagarajas (Snake:4)
  2 rockslimes (Slime:3)
  A draconian monk (Depths:4)
  An azure jelly (Slime:1)
  5 iron dragons
  10 frost giants
  A draconian knight (Zot:1)
  13 fire giants
  3 balrugs (Depths:4)
  2 draconian shifters
  A ghost moth (Zot:1)
  2 deep elf sorcerers (Vaults:5)
  A curse skull (Vaults:3)
  14 vault wardens
  Louise (Shoals:2)
  A deep elf elementalist (Depths:2)
  2 draconian stormcallers
  A draconian annihilator (Zot:2)
  15 ironbound preservers
  A reaper (IceCv)
  2 formless jellyfish
  27 very ugly things
  2 orc warlords
  8 ironbound thunderhulks
  3 spriggan defenders (Depths:2)
  11 stone giants
  A juggernaut skeleton (Depths:2)
  2 green draconians (Depths:4)
  4 vampire knights
  2 deep elf death magi (Vaults:5)
  Azrael (D:15)
  6 red draconians
  2 black draconians
  5 spark wasps
  A deep elf annihilator (Vaults:5)
  4 war gargoyles
  8 yellow draconians
  9 dire elephants
  5 white draconians
  2 purple draconians
  9 ettins
  5 blizzard demons
  A crystal guardian (Vaults:2)
  5 jiangshi
  5 merfolk impalers
  7 merfolk javelineers
  10 fire dragons
  10 yaktaur captains
  2 rakshasas
  3 deep elf high priests
  An entropy weaver (Vaults:2)
  3 hydras
  2 salamander tyrants
  28 vault guards
  11 ice dragons
  2 peacekeepers
  3 alligator snapping turtles
  3 great orbs of eyes
  11 anacondas
  5 boulder beetles
  4 merfolk avatars
  A death knight (Vaults:3)
  4 ogre magi
  5 merfolk aquamancers
  4 ironbound frosthearts
  11 centaur warriors
  4 dancing weapons (Elf:1)
  10 two-headed ogres
  8 hell hogs
  3 spriggan air magi (Depths:2)
  21 naga warriors
  17 death yaks
  4 vampire magi
  8 deep troll shamans
  12 tengu warriors
  8 deep troll earth magi
  A two-headed ogre (shapeshifter) (Vaults:5)
  A shock serpent (shapeshifter) (Depths:2)
  A satyr (Shoals:4)
  3 orc high priests (Vaults:3)
  10 spriggan berserkers
  2 soul eaters
  4 occultists
  6 shock serpents
  5 deep elf knights (Elf:1)
  Sonja (Lair:4)
  10 naga sharpshooters
  14 hell knights
  A fire crab (Lair:5)
  6 skysharks
  4 spriggans
  A sixfirhy (Abyss:2)
  3 wretched stars
  A shadow wraith (Vaults:1)
  6 sun demons
  6 iron trolls
  5 salamander mystics
  21 sea snakes
  5 arcanists
  A glowing orange brain (Vaults:1)
  A mana viper (shapeshifter) (Vaults:5)
  A sea snake (shapeshifter) (Vaults:5)
  An orb spider (shapeshifter) (Vaults:4)
  8 naga ritualists
  52 deep trolls
  6 mana vipers
  7 lindwurms
  2 flayed ghosts
  2 deep elf archers (Elf:1)
  A golden dragon skeleton (Depths:2)
  3 phantasmal warriors
  8 necromancers
  16 ironbound convokers
  6 deep elf zephyrmancers
  20 harpies
  6 large abominations
  A wolf spider (Abyss:3)
  7 deep elf pyromancers
  10 orc knights
  18 manticores
  4 orc sorcerers
  5 starcursed masses (Abyss:2)
  33 ugly things
  A frost giant zombie (Depths:2)
  A shining eye (Slime:3)
  A sphinx simulacrum (Depths:2)
  6 fauns
  2 will-o-the-wisps (Abyss:3)
  A faun (shapeshifter) (Vaults:5)
  19 salamanders
  8 cyclopes
  9 moths of wrath
  A fire giant skeleton (Depths:2)
  10 water nymphs
  8 merfolk sirens
  22 elephants
  2 apocalypse crabs
  22 vault sentinels
  10 guardian serpents
  6 kobold blastminers
  6 meliai (Depths:2)
  2 ice statues (IceCv)
  2 molten gargoyles (Lair:5)
  A guardian serpent (shapeshifter) (Vaults:5)
  A torpor snail (Abyss:3)
  A water nymph (shapeshifter) (Depths:2)
  3 unseen horrors
  10 cane toads
  2 cane toads (shapeshifter)
  18 naga magi
  4 smoke demons
  44 black mambas
  31 yaktaurs
  3 freezing wraiths
  An efreet (Abyss:2)
  An anaconda simulacrum (IceCv)
  3 kobold demonologists
  4 rime drakes
  A hellion (Depths:4)
  A rime drake (shapeshifter) (D:15)
  10 ice devils
  8 komodo dragons
  5 tengu conjurers
  An ancient zyme (Abyss:2)
  A merfolk (shapeshifter) (Vaults:5)
  7 trolls
  Grinder (D:4)
  5 wind drakes
  A polar bear (Lair:4)
  28 merfolk
  7 hornets
  A raiju (shapeshifter) (D:15)
  8 blink frogs
  A tyrant leech (shapeshifter) (Vaults:5)
  2 glass eyes (Depths:3)
  5 dream sheep
  8 snapping turtles
  45 slime creatures
  An air elemental (Elf:1)
  A dire elephant simulacrum (IceCv)
  A vampire (D:14)
  30 water elementals
  40 yaks
  6 basilisks
  4 wraiths
  2 fire elementals (D:15)
  4 wargs
  2 fire bats (Abyss:2)
  A golden eye (Abyss:2)
  9 wyverns
  A neqoxec (Abyss:2)
  A steam dragon (Lair:5)
  Menkaure (D:5)
  8 vampire mosquitoes
  A harpy simulacrum (IceCv)
  39 nagas
  A naga zombie (Abyss:2)
  2 acid dragons
  Edmund (D:5)
  A hydra simulacrum (IceCv)
  15 water moccasins
  9 hell hounds
  44 orc warriors
  2 ice beasts
  6 black bears
  A wolf (shapeshifter) (Depths:2)
  3 boggarts
  15 wolves
  9 ogres
  14 centaurs
  7 kobold brigands
  A brain worm (Abyss:3)
  An earth elemental (Elf:1)
  8 bullfrogs
  A cane toad simulacrum (IceCv)
  2 scorpions
  2 two-headed ogre simulacra (IceCv)
  7 wights
  8 killer bees
  2 elephant simulacra (IceCv)
  4 howler monkeys
  2 electric eels
  5 lava snakes (Lair:5)
  3 bombardier beetles
  6 hounds
  25 orc priests
  2 jellies
  2 sleepcaps
  5 iguanas
  16 orc wizards
  A troll simulacrum (IceCv)
  Terence (D:3)
  A spriggan simulacrum (IceCv)
  2 polar bear simulacra (IceCv)
  A wolf simulacrum (IceCv)
  A gnoll (D:1)
  4 naga simulacra (IceCv)
  8 adders
  2 shadow imps
  3 white imps (IceCv)
  2 ufetubi (IceCv)
  2 dart slugs
  A ribbon worm (D:2)
  96 orcs
  7 ball pythons
  5 endoplasms
  3 giant cockroaches
  2 goblins
  5 hobgoblins
  4 jackals (D:2)
  28 kobolds
  6 quokkas
  5 bats
  A frilled lizard (D:2)
  4 rats
  2 starspawn tentacles
  7 tentacles
1855 creatures vanquished.

Vanquished Creatures (others)
  A merfolk aquamancer (Shoals:4)
  A deep elf pyromancer (Elf:1)
  A phantasmal warrior (Vaults:5)
  An orc warrior (Vaults:5)
  2 boggarts (Vaults:1)
  An orc (Orc:2)
  26 foxfires (Abyss:3)
  A lurking horror (Abyss:3)
  7 starspawn tentacles
  8 tentacles
49 creatures vanquished.

Grand Total: 1904 creatures vanquished

Notes
Turn   | Place    | Note
-------+----------+-------------------------------------------
     0 | D:1      | Kenran the Gargoyle Fighter began the quest for the Orb.
     0 | D:1      | Reached XP level 1. HP: 14/14 MP: 1/1
    96 | D:1      | You fall into a shaft and drop 1 floor!
   147 | D:1      | Reached XP level 2. HP: 19/19 MP: 2/2
   308 | D:1      | Found Xioxzat's Antique Armour Emporium.
   482 | D:1      | Reached XP level 3. HP: 23/23 MP: 3/3
  1384 | D:3      | Reached XP level 4. HP: 28/28 MP: 4/4
  1409 | D:3      | Noticed Terence
  1536 | D:3      | Found a sacrificial altar of Ru.
  1542 | D:3      | Reached skill level 5 in Maces & Flails
  1542 | D:3      | Reached XP level 5. HP: 32/32 MP: 5/5
  2206 | D:3      | Found a sacrificial altar of Ru.
  2292 | D:3      | Killed Terence
  2520 | D:4      | Reached XP level 6. HP: 37/37 MP: 6/6
  2545 | D:4      | Found a snail-covered altar of Cheibriados.
  2894 | D:4      | Reached XP level 7. HP: 30/41 MP: 7/7
  3181 | D:4      | Noticed Grinder
  3187 | D:4      | Killed Grinder
  3403 | D:4      | Found a glowing golden altar of the Shining One.
  3403 | D:4      | Found a radiant altar of Vehumet.
  3403 | D:4      | Found a glowing silver altar of Zin.
  3466 | D:5      | Entered Level 5 of the Dungeon
  3466 | D:5      | Noticed Edmund
  3639 | D:5      | Reached skill level 5 in Fighting
  3639 | D:5      | Reached XP level 8. HP: 43/49 MP: 8/8
  3642 | D:5      | Got the Directory of the Salamander and Accompaniment
  3716 | D:5      | Found an iron altar of Okawaru.
  3725 | D:5      | Became a worshipper of Warmaster Okawaru
  3728 | D:5      | Noticed Menkaure
  3743 | D:5      | Killed Menkaure
  3817 | D:5      | Killed Edmund
  4178 | D:6      | Found a staircase to the Ecumenical Temple.
  4272 | D:6      | Reached * piety under Okawaru
  4509 | D:5      | Reached skill level 5 in Armour
  4509 | D:5      | Reached XP level 9. HP: 29/56 MP: 9/9
  4611 | D:6      | Reached ** piety under Okawaru
  4703 | D:6      | Paralysed by an orc for 4 turns
  4907 | D:6      | Found a shadowy altar of Dithmenos.
  5435 | D:7      | Reached skill level 10 in Maces & Flails
  5452 | D:7      | Reached skill level 1 in Invocations
  5499 | D:7      | Reached skill level 1 in Evocations
  5642 | D:7      | Found a flagged portal.
  5689 | Bailey   | Entered a bailey
  5854 | Bailey   | Reached *** piety under Okawaru
  6120 | D:7      | Reached XP level 10. HP: 61/64 MP: 0/11
  6328 | D:7      | Found a hazy altar of Hepliaklqana.
  6671 | D:7      | Reached **** piety under Okawaru
  7113 | D:8      | Found a staircase to the Lair.
  7169 | D:8      | Found a bloodstained altar of Trog.
  7690 | D:8      | Reached ***** piety under Okawaru
  8219 | D:1      | Bought a glowing cloak for 225 gold pieces
  8226 | D:1      | Bought a pair of runed boots for 225 gold pieces
  8731 | D:9      | Reached XP level 11. HP: 59/68 MP: 6/13
  9479 | D:10     | Entered Level 10 of the Dungeon
  9479 | D:10     | Found a stormy altar of Qazlal.
  9501 | D:9      | Received a gift from Okawaru
  9739 | D:10     | Identified the +2 scale mail of Liberalism {rPois rF++ rC+
                  | Dex-5}
  9767 | D:11     | Found a white marble altar of Elyvilon.
  9769 | D:11     | Noticed a cyclops
  9781 | D:11     | Killed a cyclops
  9806 | D:11     | Noticed a soul eater
  9821 | D:11     | Found a transporter.
  9823 | D:11     | Noticed a moth of wrath
  9825 | D:11     | Found a bloodstained altar of Trog.
  9825 | D:11     | Noticed Fiw Sur's ghost (journeyman MiAK)
  9825 | D:11     | Noticed a tengu warrior
  9831 | D:11     | Noticed a two-headed ogre
 10057 | D:11     | Found a frozen archway.
 10116 | IceCv    | Entered an ice cave
 10614 | IceCv    | Received a gift from Okawaru
 11205 | IceCv    | Reached XP level 12. HP: 76/76 MP: 12/15
 11253 | IceCv    | Noticed a reaper
 11274 | IceCv    | Killed a reaper
 11282 | IceCv    | Reached skill level 10 in Armour
 11283 | IceCv    | Reached skill level 10 in Fighting
 11297 | IceCv    | Found the +2 Maxwell's thermic engine {flame, freeze, rev}
 11308 | IceCv    | Identified the +2 chain mail of Xagog {rF++}
 11769 | D:11     | Noticed a two-headed ogre
 11788 | D:11     | Killed a two-headed ogre
 11788 | D:11     | Reached ****** piety under Okawaru
 11789 | D:11     | Reached skill level 1 in Long Blades
 11789 | D:11     | Reached skill level 5 in Shields
 11801 | D:11     | Acquired the +5 chain mail "Pugif" {rF+ Regen+ Dex+3}
 11801 | D:11     | Received a gift from Okawaru
 11897 | D:11     | Acquired a +5 eveningstar of distortion
 11897 | D:11     | Received a gift from Okawaru
 11935 | D:11     | Found a transporter.
 12162 | Lair:1   | Entered Level 1 of the Lair of Beasts
 12265 | Lair:1   | Noticed a death yak
 12276 | Lair:1   | Noticed a death yak
 12278 | Lair:1   | Killed a death yak
 12279 | Lair:1   | Noticed a death yak
 12285 | D:8      | Killed a death yak
 12328 | D:8      | Killed a death yak
 12328 | D:8      | Received a gift from Okawaru
 12329 | D:8      | Reached skill level 5 in Long Blades
 12903 | Lair:1   | Found a basalt altar of Yredelemnul.
 13127 | Lair:1   | Noticed a boulder beetle
 13131 | Lair:1   | Killed a boulder beetle
 13132 | Lair:1   | Reached XP level 13. HP: 82/82 MP: 12/16
 13297 | Lair:2   | Received a gift from Okawaru
 13593 | Lair:2   | Found a staircase to the Shoals.
 14547 | Lair:3   | Found a staircase to the Snake Pit.
 14652 | Lair:3   | Reached skill level 10 in Long Blades
 14653 | Lair:3   | Received a gift from Okawaru
 15273 | Lair:4   | Noticed Sonja
 15276 | Lair:4   | Killed Sonja
 15399 | Lair:4   | Received a gift from Okawaru
 15529 | Lair:4   | Found a viscous altar of Jiyva.
 15529 | Lair:4   | Found a staircase to the Slime Pits.
 16123 | Lair:4   | Reached skill level 5 in Invocations
 16219 | Lair:5   | Entered Level 5 of the Lair of Beasts
 16350 | Lair:5   | Noticed Name63's ghost (journeyman GnCj)
 16370 | Lair:5   | Found a transporter.
 16392 | Lair:5   | Gained mutation: Your large and strong wings let you fly.
                  | [Gargoyle growth]
 16392 | Lair:5   | Reached XP level 14. HP: 88/88 MP: 13/18
 16419 | Lair:5   | Received a gift from Okawaru
 16464 | Lair:5   | Found a transporter.
 17117 | Lair:5   | Received a gift from Okawaru
 17496 | Lair:5   | Found a large runed translucent door.
 17496 | Lair:5   | Found a large runed translucent door.
 18435 | D:12     | Found a staircase to the Orcish Mines.
 18441 | D:12     | Found Decis's Armour Shop.
 18588 | D:12     | Found a shimmering altar of Xom.
 18590 | D:12     | Found a shimmering altar of Xom.
 18590 | D:12     | Found a shimmering altar of Xom.
 18592 | D:12     | Found a shimmering altar of Xom.
 18592 | D:12     | Found a shimmering altar of Xom.
 18592 | D:12     | Found a shimmering altar of Xom.
 18593 | D:12     | Found a shimmering altar of Xom.
 18630 | D:12     | Received a gift from Okawaru
 19064 | D:13     | Reached XP level 15. HP: 86/96 MP: 16/19
 19114 | D:13     | Identified the +0 robe of the Sun {rF+ Str+2}
 19914 | D:13     | Found a portal to a secret trove of treasure.
 20094 | D:13     | Found a gate to the Vaults.
 20103 | D:13     | Received a gift from Okawaru
 20434 | D:14     | Identified the +0 ring mail of the Doomed God {rN+}
 20546 | D:14     | Identified the amulet "Neerop" {Reflect rF++ Regen+ SH+5}
 20569 | D:14     | Identified the +0 robe of Duck's Teeth {Regen+}
 21140 | D:14     | Identified the +8 trident "Bebrad" {flame, rF+ Dex+2}
 21291 | D:15     | Entered Level 15 of the Dungeon
 21291 | D:15     | Noticed Jorgrun
 21331 | Orc:1    | Entered Level 1 of the Orcish Mines
 21640 | Orc:1    | Found Nocigi's Self-Improvement Boutique.
 21776 | Orc:2    | Entered Level 2 of the Orcish Mines
 21994 | Orc:2    | Received a gift from Okawaru
 22222 | Orc:2    | Found a staircase to the Elven Halls.
 22374 | Orc:2    | Found Genulymu's Jewellery Emporium.
 22374 | Orc:2    | Found Vawac's Antique Armour Shop.
 22374 | Orc:2    | Found Woos's Armour Boutique.
 22379 | Orc:2    | Found Tudatugu's Book Shoppe.
 22387 | Orc:2    | Bought the ring "Ozefoxost" {AC+4 Str+6 Int-3 Slay+3} for
                  | 990 gold pieces
 22784 | Orc:2    | Found Hake's General Store.
 22933 | Orc:1    | Found Qeoxom's Magic Scroll Shop.
 22980 | Orc:1    | Bought 2 scrolls of identify for 60 gold pieces
 22980 | Orc:1    | Bought a scroll of identify for 30 gold pieces
 22980 | Orc:1    | Bought a scroll of teleportation for 45 gold pieces
 22994 | Orc:1    | Bought a scroll of identify for 30 gold pieces
 22994 | Orc:1    | Bought a scroll of identify for 30 gold pieces
 23247 | D:15     | Killed Jorgrun
 23418 | D:15     | Reached skill level 15 in Fighting
 23596 | D:15     | Received a gift from Okawaru
 23709 | D:15     | Noticed Azrael
 23717 | D:15     | Killed Azrael
 23987 | D:15     | Reached XP level 16. HP: 100/109 MP: 14/20
 24155 | D:15     | Found a staircase to the Depths.
 24174 | D:15     | Received a gift from Okawaru
 24175 | D:15     | Reached skill level 1 in Dodging
 24460 | D:15     | Reached XP level 17. HP: 117/117 MP: 21/21
 24461 | D:15     | Reached XP level 18. HP: 123/123 MP: 22/22
 24663 | Snake:1  | Entered Level 1 of the Snake Pit
 25669 | Snake:1  | Received a gift from Okawaru
 25742 | Snake:1  | Reached skill level 5 in Evocations
 26741 | Snake:2  | Received a gift from Okawaru
 26998 | Snake:2  | Found Pyssatz's Armour Boutique.
 27190 | Snake:2  | Identified the +5 great mace of the Piercing Mosquito
                  | {freeze, rN+ Str+3}
 27420 | Snake:2  | Identified the ring "Omnuoky" {Will+ Int+6}
 27627 | Snake:3  | Received a gift from Okawaru
 27868 | Snake:3  | Found Letsehup's Distillery.
 27868 | Snake:3  | Found Mud Rifash's Distillery.
 27869 | Snake:3  | Found Xuekkoatoth's Weapon Shop.
 27878 | Snake:3  | Reached XP level 19. HP: 130/130 MP: 19/25
 27885 | Snake:3  | Found Zuv Beips's General Store.
 27922 | Snake:3  | Bought a potion of enlightenment for 75 gold pieces
 27922 | Snake:3  | Bought a potion of heal wounds for 75 gold pieces
 27925 | Snake:3  | Bought a scroll of identify for 24 gold pieces
 27930 | Snake:3  | Bought a potion of curing for 42 gold pieces
 27930 | Snake:3  | Bought 2 potions of curing for 84 gold pieces
 27930 | Snake:3  | Bought a potion of might for 56 gold pieces
 28204 | Snake:4  | Entered Level 4 of the Snake Pit
 28205 | Snake:4  | Found an ancient bone altar of Kikubaaqudgha.
 28220 | Snake:4  | Found Zywuoqig's Overcharged Wands.
 28251 | Snake:4  | Reached skill level 10 in Shields
 28274 | Snake:4  | Found Monuyb's Assorted Antiques.
 28549 | Snake:4  | Received a gift from Okawaru
 28710 | Snake:4  | Reached skill level 15 in Armour
 29058 | Snake:4  | Got a serpentine rune of Zot
 29208 | Snake:4  | Received a gift from Okawaru
 29606 | Snake:4  | Found Pytili's Weapon Emporium.
 29697 | Snake:4  | Found Fagisk's One-of-a-Kind Rings.
 30199 | Shoals:1 | Entered Level 1 of the Shoals
 31229 | Shoals:2 | Noticed Louise
 31236 | Shoals:2 | Found a runed translucent gate.
 31236 | Shoals:2 | Found a runed translucent gate.
 31236 | Shoals:2 | Found a runed translucent gate.
 31247 | Abyss:2  | Cast into level 2 of the Abyss (Louise)
 31276 | Abyss:2  | Found a corrupted altar of Lugonu.
 31333 | Abyss:2  | Received a gift from Okawaru
 31636 | Shoals:2 | Escaped the Abyss
 31659 | Shoals:2 | Killed Louise
 31750 | Shoals:2 | Noticed seandewar5's ghost (adept DrCj)
 31763 | Shoals:2 | Noticed Frances
 31768 | Shoals:2 | Killed Frances
 31855 | Shoals:2 | Identified the granite talisman of the Thistle {rF+++ rC-
                  | Int+5}
 31855 | Shoals:2 | Noticed Roxanne
 31881 | Shoals:2 | Reached XP level 20. HP: 140/140 MP: 20/26
 32114 | Shoals:2 | Found Voceumig's Visitors' Centre.
 32129 | Shoals:2 | Found Voceumig's Merfolk Armours.
 32129 | Shoals:2 | Found Voceumig's Merfolk Weapons.
 32226 | Shoals:2 | Bought the ring "Doybb" {EV+5 Str+5} for 963 gold pieces
 32649 | Shoals:2 | Killed seandewar5's ghost
 32649 | Shoals:2 | Received a gift from Okawaru
 33663 | Shoals:4 | Entered Level 4 of the Shoals
 33932 | Shoals:4 | Identified the ring of Daottum {Wiz rElec}
 33957 | Shoals:4 | Received a gift from Okawaru
 34037 | Shoals:4 | Noticed Ilsuiw
 34086 | Shoals:4 | Killed Ilsuiw
 34298 | Shoals:4 | Identified the +0 scale mail of the Desolation of Salt
                  | {rPois rF+ MP-9 Dex+2}
 34498 | Shoals:4 | Reached skill level 15 in Long Blades
 34910 | Shoals:4 | Received a gift from Okawaru
 34967 | Shoals:4 | Got a barnacled rune of Zot
 35667 | Vaults:1 | Entered Level 1 of the Vaults
 35879 | Vaults:1 | Reached skill level 10 in Invocations
 36023 | Vaults:1 | Identified the serpent talisman of Ykoall {rElec SInv}
 36023 | Vaults:1 | Noticed Aizul
 36035 | Vaults:1 | Killed Aizul
 36692 | Vaults:1 | Received a gift from Okawaru
 37061 | Vaults:1 | Reached XP level 21. HP: 146/146 MP: 25/28
 37166 | Vaults:1 | Identified the +9 orcbow of Sloth {drain, *Slow Int+3
                  | Dex+3}
 37301 | Vaults:1 | Identified the +1 chain mail of the Black Moon {+Inv Fly
                  | rF+ Will- Int+5}
 37541 | Vaults:2 | Identified the +0 plate armour of True Grit {rCorr Str+3}
 38565 | Vaults:2 | Received a gift from Okawaru
 40553 | Vaults:3 | Found a staircase to the Crypt.
 40720 | Vaults:4 | Reached skill level 15 in Shields
 40775 | Vaults:4 | Received a gift from Okawaru
 41342 | Vaults:4 | Reached XP level 22. HP: 133/153 MP: 21/29
 41648 | Vaults:4 | Received a gift from Okawaru
 41664 | Vaults:4 | Found Uziasch's Antique Weapon Shop.
 42792 | Depths:1 | Entered Level 1 of the Depths
 43078 | Depths:1 | Received a gift from Okawaru
 43116 | Depths:1 | Found a gateway to Hell.
 43886 | Depths:2 | You are sucked into a shaft and drop 1 floor!
 43886 | Depths:3 | Noticed Jory
 43888 | Depths:3 | Noticed Norris
 43902 | Depths:4 | Entered Level 4 of the Depths
 43919 | Depths:4 | Found Lutude's Antique Weapon Emporium.
 44080 | Depths:3 | Found a one-way gate to the infinite horrors of the Abyss.
 44282 | Depths:4 | Found a flickering gateway to a bazaar.
 44319 | Bazaar   | Entered a bazaar
 44319 | Bazaar   | Found Bubots Joax's General Store.
 44345 | Bazaar   | Found Uruqax's Book Emporium.
 44346 | Bazaar   | Found Fanux's Magic Scroll Boutique.
 44352 | Bazaar   | Bought a scroll of fear for 56 gold pieces
 44357 | Bazaar   | Found Sypu's General Store.
 44369 | Bazaar   | Found Qacev's Magic Scroll Emporium.
 44377 | Bazaar   | Bought a scroll of blinking for 90 gold pieces
 44552 | Depths:4 | Found a gate to the Realm of Zot.
 44614 | Depths:4 | Reached skill level 5 in Dodging
 44632 | Depths:4 | Received a gift from Okawaru
 45087 | Depths:4 | Identified the +6 glaive of Past Mistakes {drain, rElec
                  | rF++ Will- Stlth+}
 45090 | Depths:4 | Identified the +1 scale mail of the Sun {Regen+ Dex+4
                  | Stlth+}
 45389 | Depths:4 | Reached XP level 23. HP: 141/162 MP: 22/30
 45739 | Depths:4 | Identified the +7 flail "Tis Lao" {drain, rF++ Str+2
                  | Stlth+}
 46029 | Depths:3 | Killed Norris
 46084 | Depths:3 | Identified the orb "Reberuck" {light, rCorr}
 46084 | Depths:3 | Noticed Frederick
 46085 | Depths:3 | Received a gift from Okawaru
 46106 | Depths:4 | Killed Frederick
 46243 | Depths:4 | Killed Jory
 46592 | Depths:3 | Found a glowing golden altar of the Shining One.
 47016 | Depths:3 | Noticed a golden dragon
 47074 | Depths:3 | Noticed a golden dragon
 47092 | Depths:3 | Killed a golden dragon
 47092 | Depths:3 | Received a gift from Okawaru
 47116 | Depths:3 | Killed a golden dragon
 47699 | Depths:3 | Noticed a golden dragon
 47732 | Depths:3 | Received a gift from Okawaru
 47745 | Depths:3 | Killed a golden dragon
 47758 | Depths:3 | Identified the +0 chain mail "Ympylo" {Str+4 Dex+3}
 48105 | Depths:2 | Noticed a golden dragon
 48115 | Depths:2 | Killed a golden dragon
 48458 | Depths:2 | Reached XP level 24. HP: 141/173 MP: 0/30
 48711 | Depths:2 | Received a gift from Okawaru
 48733 | Depths:2 | Noticed a juggernaut
 48745 | Depths:2 | Killed a juggernaut
 49217 | Depths:2 | Received a gift from Okawaru
 49389 | Depths:2 | Identified the +4 arbalest "Orb Guardian's Doom" {speed,
                  | Str-3 Dex+3 SInv}
 49757 | Depths:2 | Identified the +1 helmet of the Lizard {rPois Str+3}
 49848 | Depths:2 | Found a one-way gate leading to the halls of Pandemonium.
 49921 | Depths:2 | Found a one-way gateway to a ziggurat.
 49923 | Depths:2 | Identified the staff of the Doomed Warrior {^Contam rC+
                  | Int+4 Conj Hexes Ice}
 49968 | Depths:2 | Identified the +2 trident of Eternal Vigilance {venom,
                  | Str+6 Int+5}
 51012 | Slime:1  | Entered Level 1 of the Pits of Slime
 51165 | Slime:3  | Gained mutation: You sometimes lose your temper in combat.
                  | [a shining eye]
 51166 | Slime:3  | Gained mutation: You are frail. (-10% HP) [a shining eye]
 51167 | Slime:3  | Received a gift from Okawaru
 51528 | Depths:3 | Voluntarily entered the Abyss.
 51720 | Abyss:3  | Found a corrupted altar of Lugonu.
 51729 | Abyss:3  | Found a corrupted altar of Lugonu.
 51730 | Abyss:3  | Found a corrupted altar of Lugonu.
 51730 | Abyss:3  | Found a corrupted altar of Lugonu.
 52016 | Depths:3 | Escaped the Abyss
 52269 | Elf:1    | Entered Level 1 of the Elven Halls
 52298 | Elf:1    | Found a radiant altar of Vehumet.
 52545 | Elf:1    | Found Mups's Assorted Antiques.
 52561 | Elf:1    | Found Foloqa's Jewellery Shoppe.
 52727 | Elf:1    | Lost mutation: You sometimes lose your temper in combat.
                  | [potion of mutation]
 52727 | Elf:1    | Lost mutation: You are frail. (-10% HP) [potion of
                  | mutation]
 52727 | Elf:1    | Gained mutation: You are somewhat resistant to further
                  | mutation. [potion of mutation]
 52727 | Elf:1    | Gained mutation: Your spells are a little harder to cast,
                  | but a little more powerful. [potion of mutation]
 52773 | Elf:1    | Paralysed by an air elemental for 1 turns
 53003 | Vaults:5 | Entered Level 5 of the Vaults
 53011 | Vaults:4 | Received a gift from Okawaru
 53094 | Vaults:5 | Noticed an ancient lich
 53098 | Vaults:5 | Reached XP level 25. HP: 130/178 MP: 6/32
 53123 | Vaults:5 | Noticed a dread lich
 53254 | Vaults:5 | Killed an ancient lich
 53497 | Vaults:5 | Identified the amulet "Nizafu" {rN+ Regen+}
 53696 | Vaults:5 | Paralysed by a sphinx for 5 turns
 53707 | Vaults:5 | Received a gift from Okawaru
 54130 | Vaults:5 | Received a gift from Okawaru
 54295 | Vaults:5 | Got Sif Muna's Volume of Singed Left-Handed Words
 54299 | Vaults:5 | Got a silver rune of Zot
 54330 | Vaults:5 | Identified the +4 mace of Osethud {freeze, rPois Str+5}
 54347 | Vaults:4 | Paralysed by something for 5 turns
 54368 | Vaults:4 | Killed a dread lich
 54442 | Vaults:5 | Identified the ring "Silest" {Int+6 Dex+6}
 54615 | Vaults:4 | Reached skill level 10 in Evocations
 55377 | Vaults:5 | Got the Grimoire of Energy and Elsewhere
 56120 | Zot:1    | Entered Level 1 of the Realm of Zot
 56837 | Zot:1    | Found a shimmering blue altar of Sif Muna.
 56968 | Zot:1    | Reached XP level 26. HP: 184/184 MP: 29/32
 57405 | Zot:1    | Received a gift from Okawaru
 57687 | Zot:2    | Killed from afar by a black draconian knight

Illustrated notes

Levels and vault maps discovered:
D:1:      dpeg_arrival_tiny_f, layout_rooms, serial_shops, shop, minivault_25
D:2:      layout_basic
D:3:      layout_rooms, nicolae_ru_great_annihilating_truth, uniq_terence
D:4:      layout_basic, cheibriados_altar_1,
          gammafunk_temple_overflow_forgotten, minmay_crystal_room, uniq_grinder
D:5:      layout_basic, okawaru_gym_becter, uniq_menkaure, uniq_edmund
D:6:      layout_basic, mainiacjoe_overflow_chevrons, minmay_temple_entry_grid
D:7:      layout_loops_corners, mainiacjoe_overflow_concentric_impassable,
          enter_bailey_4
D:8:      layout_basic, trog_butcher_becter, lair_entry_dummy
D:9:      layout_rooms
D:10:     layout_gridville, nicolae_qazlal_style_of_elements
D:11:     layout_roguey, gammafunk_ghost_wrathful_warriors,
          portal_ice_cave_demonic_guard, nicolae_elyvilon_peaceful_grove
D:12:     layout_roguey, orc_david_3, grunt_ministairs_15,
          nicolae_xom_altar_mimics
D:13:     layout_stronghold, david_vaults_4, nicolae_trove_entry_crystal
D:14:     layout_roguey, serial_park_fountain, special_room [special_room_orc]
D:15:     hangedman_depths_entry_try_elsewhere_first, layout_basic,
          serial_bayou_pond_d, uniq_jorgrun, uniq_azrael
Lair:1:   layout_hall_layers, lemuel_centaur_altar, grunt_megastairs_5,
          serial_bayou_shore_a
Lair:2:   layout_cave_pods, elwin_shoals_entry_rocks, grunt_megastairs_2
Lair:3:   layout_chaotic_city, guppyfry_snake_entry_garden
Lair:4:   layout_small_grid, slime_entry_1, uniq_sonja
Lair:5:   cheibrodos_lair_end_hotspot, layout_regular_city, gammafunk_ghost_hive
Shoals:1: layout_shoals
Shoals:2: nicolae_shoals_mermall, layout_shoals, ebering_ghost_rock_garden,
          uniq_roxanne, uniq_frances, uniq_louise
Shoals:3: layout_shoals
Shoals:4: shoals_end_hangedman, layout_shoals, shoals_ilsuiw_ice
Snake:1:  kennysheep_snake, layout_layer_cave
Snake:2:  minmay_snake_river, layout_gridlike, serial_shops, shop,
          nicolae_zig_zag_zippers
Snake:3:  layout_rooms, minmay_shoptagon
Snake:4:  grunt_snake_rune_spirals, layout_concentric_octagons, serial_shops,
          nicolae_diamond_shop, shop, basic_altar, nicolae_shop_unique_rings,
          nicolae_shop_overcharged_wands
Slime:1:  layout_caves
Slime:2:  layout_caves, basic_altar, cheibrodos_slime_lost_civilization_6
Slime:3:  layout_caves
Slime:4:  layout_caves
Orc:1:    layout_caves, serial_shops, shop, nicolae_shop_self_help
Orc:2:    st_orc_rangers, layout_diamond_mine, serial_shops,
          nicolae_shop_behind_doors
Elf:1:    eino_elf_arrival_altar, layout_loops_corners, evilmike_minifort,
          minmay_shop_star, uniq_donald
Vaults:1: nicolae_vaults_house_2, hangedman_vaults_hard_town_square,
          nicolae_vaults_alarming, vaults_room_door_ring,
          nicolae_vaults_surprise_closet, nicolae_vaults_storage_closets_3,
          vaults_room_fours, ontoclasm_vaults_loading_screen,
          layout_vaults_omnigrid, uniq_aizul
Vaults:2: nicolae_vaults_heart-shaped_vault, vaults_room_octagon,
          ontoclasm_vaults_misaligned, nicolae_vaults_more_shelving_1,
          ontoclasm_vaults_chip, nicolae_vaults_off_center_swirl,
          ontoclasm_vaults_chip, nicolae_vaults_little_squares_5,
          vaults_dpeg_emergency_exit, layout_vaults_chaotic_city
Vaults:3: v_misc_29, minmay_crypt_entry_simple_round,
          nicolae_vaults_apartment_1, nicolae_vaults_octothorpe, v_misc_26,
          nicolae_vaults_swerve, vaults_room_door_hall, v_misc_19,
          nicolae_vaults_house_2, nicolae_vaults_closet_pinwheel_2,
          minmay_orc_keep, vaults_room_stairs_pillars, v_misc_24,
          nicolae_vaults_tetromino_L_2, layout_vaults_maze_snakey
Vaults:4: nicolae_vaults_wrenched, v_misc_31, hangedman_vaults_restitches,
          nicolae_vaults_wine_cellar, vaults_standard_mumra_lines,
          nicolae_vaults_network_quincunx
          [nicolae_vaults_network_quincunx_subvault,
          nicolae_vaults_network_quincunx_subvault,
          nicolae_vaults_network_quincunx_subvault,
          nicolae_vaults_network_quincunx_subvault,
          nicolae_vaults_network_quincunx_subvault],
          nicolae_vaults_trapezoid_layered, ontoclasm_vaults_ligature,
          nicolae_vaults_offset_grid_hallway_2, vaults_mumra_lcd,
          nicolae_vaults_apartment_2, layout_vaults_big_cross, serial_shops,
          shop
Vaults:5
Depths:1: layout_cave_shapes, hangedman_coc_ice_floe, kennysheep_path_1,
          hangedman_decor_diamond_cutter, chequers_serial_rivers_marsh,
          feat_on_display
Depths:2: box_level_dp, hell_entry, pan_entry
Depths:3: thingy_vault, layout_cave_pools, abyss_entry_small_statue_room,
          tso_altar, grunt_metal_band, nicolae_lava_and_water, grunt_tough_drop,
          uniq_norris, uniq_frederick, uniq_jory
Depths:4: grunt_crosshair, layout_cave_pools, bh_walls_and_bars, hellmouth_1,
          serial_shops, bzr_entry_gold, nicolae_lakefront_shop,
          minmay_fire_ice_demons
Zot:1:    layout_basic, regret_index_zotdec_magical_s, lemuel_baited_zot_trap
Zot:2:    kennysheep_oblong_rooms, layout_basic,
          regret_index_zotdec_gossamer_parallel

Skill      XL: |  1  2  3  4  5  6  7  8  9 10 11 12 13 14 15 16 17 18 19 20 21 22 23 24 25 26 |
---------------+-------------------------------------------------------------------------------+-----
Maces & Flails | 3 4 5 6 7 8 9 10 12 14 | 14.0
Shields        | 4 5 7 9 10 15 18 19 20 | 20.0
Fighting       | 5 6 7 8 9 10 12 15 17 18 20 22 24 | 24.0
Armour         | 5 6 7 9 10 12 13 14 16 18 20 22 23 24 | 24.0
Invocations    | 2 3 4 6 8 10 12 | 12.0
Evocations     | 2 3 4 6 8 11 12 | 12.0
Long Blades    | 8 12 13 14 16 | 16.0
Dodging        | 1 4 6 |  6.0

Action                     |  1- 3 |  4- 6 |  7- 9 | 10-12 | 13-15 | 16-18 | 19-21 | 22-24 | 25-27 || total
---------------------------+-------+-------+-------+-------+-------+-------+-------+-------+-------++-------
  Melee: Flail             |   112 |   172 |   280 |   495 |       |       |       |       |       ||  1059
         Eveningstar       |       |       |       |    84 |   840 |   404 |  1581 |  1784 |   798 ||  5491
 Invoke: Heroism           |       |       |       |     2 |       |       |       |     4 |       ||     6
         Finesse           |       |       |       |     1 |       |       |       |     2 |     1 ||     4
         Receive Weapon    |       |       |       |     1 |       |       |       |       |       ||     1
         Receive Armour    |       |       |       |     1 |       |       |       |       |       ||     1
  Evoke: Wand              |       |     2 |     9 |    11 |       |       |       |     1 |       ||    23
         Phial of floods   |       |       |       |       |       |       |       |     1 |       ||     1
    Use: Potion            |     1 |       |     4 |     3 |     1 |     2 |     2 |     4 |     4 ||    21
         Scroll            |     1 |     4 |     4 |    11 |    17 |     3 |     2 |    14 |     6 ||    62
   Stab: Paralysed         |       |     3 |     9 |     2 |       |       |       |       |       ||    14
 Armour: Scale mail        |    66 |   113 |       |       |       |       |       |       |       ||   179
         Chain mail        |       |    20 |   205 |   408 |   760 |   160 |       |       |       ||  1553
         Plate armour      |       |       |    88 |       |       |       |       |       |       ||    88
         Gold dragon scale |       |       |       |       |       |    33 |  1034 |  1540 |   553 ||  3160
  Dodge: Dodged            |    45 |    85 |   128 |   332 |   572 |   140 |   610 |   813 |   268 ||  2993
  Block: Buckler           |    22 |    27 |    66 |   116 |   352 |   220 |   871 |   997 |       ||  2671
         Reflection        |       |       |       |       |    52 |    13 |    68 |    24 |    21 ||   178
         Kite shield       |       |       |       |       |       |       |       |   281 |   712 ||   993
